 Dungeon Crawl Stone Soup version 0.28.0-53-g5a82cb258f (webtiles) character file.

Game seed: 9495348094655413988

36423 mcbry74 the Grappler (level 13, 0/124 HPs)
             Began as a Troll Berserker on June 22, 2022.
             Was a High Priest of Trog.
             Succumbed to a salamander's poison
             ... in a volcano.
             The game lasted 01:13:33 (16285 turns).

mcbry74 the Grappler (Troll Berserker)             Turns: 16285, Time: 01:13:33

Health: 0/124      AC:  8    Str: 30    XL:     13   Next: 52%
Magic:  12/12      EV: 11    Int:  5    God:    Trog [*****.]
Gold:   1177       SH:  5    Dex:  9    Spells: 12/12 levels left

rFire   + + .      SeeInvis .     - Unarmed
rCold   x . .      Faith    .   (no shield)
rNeg    . . .      Spirit   .   P - +0 troll leather armour
rPois   .          Reflect  +   (helmet restricted)
rElec   +          Harm     .   m - +1 cloak
rCorr   .          Rampage  .   (gloves unavailable)
Will    ++...                   (boots unavailable)
Stlth   +.........              V - amulet of Locyd {Reflect rElec Regen+ SH+5}
HPRegen 3.70/turn               p - ring of fire
MPRegen 0.13/turn               D - ring of protection from fire

@: lethally poisoned (0 -> -16), strong-willed, regenerating
A: large, unfitting armour, claws 3, regeneration 1, shaggy fur 1, tough skin 1
a: Renounce Religion, Berserk, Trog's Hand, Brothers in Arms


You were in a volcano.
You worshipped Trog.
Trog was extremely pleased with you.
You visited 2 branches of the dungeon, and saw 16 of its levels.
You also visited: Gauntlet and Volcano.

You collected 1177 gold pieces.

Inventory:

Hand Weapons
 l - a +2 flail of holy wrath
 I - a +0 giant spiked club
 M - a +5 dire flail
Missiles
 g - 11 boomerangs (quivered)
 j - 45 poisoned darts
 q - 4 large rocks
 t - 3 boomerangs of dispersal
 N - a curare-tipped dart
 X - 9 javelins
Armour
 h - the +0 robe "Teylul" {*Slow +Inv rPois}
   (You found it on level 1 of the Lair of Beasts)

   rPois:     It protects you from poison.
   +Inv:      It lets you turn invisible.
   *Slow:     It may slow you when you take damage.
 m - a +1 cloak (worn)
 v - +0 acid dragon scales
 P - a +0 troll leather armour (worn)
Jewellery
 n - a +6 ring of dexterity
 p - a ring of fire (left claw)
 D - a ring of protection from fire (right claw)
 L - a ring of protection from cold
 R - a +4 ring of evasion
 U - the ring of Wocol {Ice Int+4}
   (You found it on level 1 of the Lair of Beasts)

   [ring of ice]

   It enhances your ice magic.
   Int:       It affects your intelligence (+4).
   rF:        It makes you vulnerable to fire.
   rC:        It protects you from cold.
 V - the amulet of Locyd (around neck) {Reflect rElec Regen+ SH+5}
   (You found it in a Gauntlet)

   [amulet of reflection]

   It reflects blocked missile attacks.
   rElec:     It insulates you from electricity.
   Regen:     It increases your rate of health regeneration.
   SH:        It affects your SH (+5).
Wands
 f - a wand of charming (8)
 o - a wand of flame (33)
 s - a wand of acid (2)
 y - a wand of mindburst (17)
 C - a wand of polymorph (7)
 Y - a wand of paralysis (7)
 Z - a wand of digging (9)
Scrolls
 r - 6 scrolls of enchant armour
 B - 4 scrolls of fear
 E - 6 scrolls of silence
 G - 7 scrolls of immolation
 H - 3 scrolls of enchant weapon
 S - 4 scrolls of torment
 T - a scroll of fog
 W - 2 scrolls of teleportation
Potions
 c - 3 potions of brilliance {unknown}
 d - 7 potions of attraction
 e - 6 potions of magic
 i - 2 potions of haste {unknown}
 k - 3 potions of flight
 w - a potion of might {unknown}
 x - 3 potions of curing
 z - 3 potions of degeneration {unknown}
 A - 2 potions of cancellation {unknown}
 F - 3 potions of invisibility {unknown}
 J - 4 potions of mutation
 O - a potion of heal wounds
Miscellaneous
 b - a phial of floods
 K - a phantom mirror


   Skills:
 * Level 7.3 Fighting
 + Level 11.4 Maces & Flails
 + Level 7.9 Throwing
 + Level 4.0 Armour
 + Level 5.8 Dodging
 + Level 13.2 Unarmed Combat
 + Level 4.6 Evocations


You had 12 spell levels left.
You didn't know any spells.
Your spell library was empty.

Dungeon Overview and Level Annotations

Branches:
Dungeon (12/15)            Temple (0/1) D:7            Lair (4/6) D:9
  Swamp (0/4) Lair:4        Snake (0/4) Lair:3          Orc (0/2) D:12
Volcano (1/1)             Gauntlet (visited)

Altars:
Fedhas
Gozag
Zin

Shops:
D:2 [

Annotations:
D:10 exclusion: obsidian statue


Innate Abilities, Weirdness & Mutations

You are too large for most types of armour.
You have claws for hands.
Your natural rate of healing is unusually fast.
You are covered in fur. (AC +1)
You have tough skin. (AC +1)


Message History

Trog will now gift you melee weapons as you gain piety.
You feel sick. The salamander barely misses you.
You feel sick.
You mangle the two-headed ogre!!
The two-headed ogre is severely wounded.
You feel sick.
You eviscerate the two-headed ogre!!!
You kill the two-headed ogre!
Trog accepts your kill.
You feel sick.
Your Armour skill increases to level 4!
Your skin crawls.
You feel strong-willed.
You feel sick.
The salamander hits you from afar with a +4 trident of venom!
You are engulfed in flames.
You resist.
You feel sick.
The salamander hits you with a +4 trident of venom!
You are engulfed in flames.
You resist.
You are more poisoned.
The salamander hits you from afar with a +0 trident.
You are engulfed in flames.
You resist.
Things that are here:
a +0 giant club of flaming; a +2 great mace of flaming; a two-headed ogre corpse You scratch the salamander but do no damage.
You claw the salamander.
The salamander is lightly wounded.
You feel very sick. You block the salamander's attack.
The salamander hits you from afar with a +0 trident!
* * * LOW HITPOINT WARNING * * *
You are engulfed in flames.
You resist.
* * * LOW HITPOINT WARNING * * *
You feel very sick.
The salamander hits you from afar with a +4 trident of venom!!
* * * LOW HITPOINT WARNING * * *
You are engulfed in flames.
You resist.
* * * LOW HITPOINT WARNING * * *
You are lethally poisoned!
You die...

≈≈≈≈≈≈≈≈≈≈≈≈≈≈≈≈≈≈≈≈≈≈≈≈≈≈≈≈≈≈≈≈
≈≈≈≈≈≈.≈≈≈.≈≈≈≈≈≈≈≈≈.≈.≈≈≈≈≈≈≈≈
≈≈≈≈≈≈≈≈≈≈..≈≈.≈≈.≈.≈≈.≈≈≈≈≈≈.
#....................^^^...
#...##'##.N.#####...##+##..
#..##.N.##N## ##.## ##.
#..#...$.#)# #.# #. #..#....[#.#
#.# #. +#..##$..##@## ##.## ##.
#....#####...##+##...#####..
##...§§.§...................
≈≈≈§≈≈≈.≈≈.§.≈≈§≈≈§§≈≈§§≈≈≈§≈
≈≈≈≈§§§§§≈§§≈≈≈§.≈≈≈≈≈≈≈≈≈.≈.≈.
≈≈§≈≈§§§§≈≈≈≈≈≈≈≈≈≈≈≈≈≈§§≈≈≈≈≈§≈
§≈≈≈§≈≈≈≈§§≈≈≈≈≈§§§≈≈≈≈≈≈≈≈≈≈§≈≈
≈#≈≈≈≈≈≈≈≈≈≈§§§§≈≈≈≈≈≈≈≈≈§≈≈≈≈≈§
≈≈#≈§§≈≈≈§#≈≈§≈§§≈#≈§≈#≈≈≈#≈≈≈≈


You could see 2 salamanders.

Vanquished Creatures
  A minotaur (Gauntlet)
  2 boulder beetles
  7 two-headed ogres
  A tengu warrior (D:11)
  The ghost of zielscheibe the Pandemonic, a novice DDFi of Makhleb (D:10)
  A fire crab (Gauntlet)
  2 sixfirhies (Gauntlet)
  5 skeletal warriors (D:11)
  2 orc knights (D:11)
  An ugly thing (D:10)
  A deep elf pyromancer (D:12)
  A gargoyle (D:12)
  A kobold demonologist (D:12)
  8 cane toads
  A rime drake (Lair:2)
  4 komodo dragons
  3 polar bears
  6 trolls
  6 flying skulls (Gauntlet)
  7 spriggans (Lair:1)
  A shadow (D:10)
  4 wraiths
  Sigmund (D:2)
  A vampire (D:12)
  27 yaks
  4 wyverns
  9 fire bats
  13 vampire mosquitoes
  3 acid dragons
  5 hell hounds
  7 water moccasins
  2 black bears (D:6)
  4 orc warriors (D:9)
  An ice beast (D:5)
  A hornet zombie (D:6)
  A sky beast (D:6)
  6 ogres (D:9)
  8 centaurs
  5 kobold brigands
  7 bullfrogs
  A gnoll sergeant (D:9)
  A wyvern zombie (D:5)
  A scorpion (Lair:2)
  3 water moccasin zombies (D:5)
  2 water moccasin skeletons (D:5)
  A vampire bat (Lair:2)
  10 wights
  3 electric eels
  4 howler monkeys
  2 lava snakes (D:9)
  3 bullfrog zombies
  4 centaur zombies
  Crazy Yiuf (D:3)
  4 gnoll shamans
  4 orc priests
  A hound (D:6)
  A jelly (D:5)
  2 bullfrog skeletons
  Ijyb (D:3)
  3 iguanas
  A scorpion zombie (D:5)
  2 orc wizards
  A hound zombie (D:5)
  3 howler monkey zombies
  18 gnolls
  A howler monkey skeleton (D:7)
  10 adders
  A white imp (D:5)
  4 adder zombies (D:5)
  A worm (D:3)
  25 orcs
  7 ball pythons
  15 bats
  10 endoplasms
  3 giant cockroaches
  7 goblins
  6 hobgoblins
  3 jackals
  34 kobolds
  5 quokkas
  4 frilled lizards
  3 rats
387 creatures vanquished.

Vanquished Creatures (collateral kills)
  A gnoll (D:7)
  A white imp (D:7)
2 creatures vanquished.

Vanquished Creatures (others)
  2 fire vortices (D:9)
  12 fungi
  28 plants
  A withered plant (D:5)
43 creatures vanquished.

Grand Total: 432 creatures vanquished

Notes
Turn   | Place    | Note
-------+----------+-------------------------------------------
     0 | D:1      | mcbry74 the Troll Berserker began the quest for the Orb.
     0 | D:1      | Reached XP level 1. HP: 22/22 MP: 0/0
   117 | D:1      | Reached XP level 2. HP: 29/29 MP: 1/1
   309 | D:1      | Reached skill level 4 in Unarmed Combat
   420 | D:1      | Reached XP level 3. HP: 36/36 MP: 2/2
   710 | D:2      | Noticed Sigmund
   722 | D:1      | Reached ** piety under Trog
   773 | D:2      | Killed Sigmund
   774 | D:2      | Reached skill level 6 in Unarmed Combat
   774 | D:2      | Reached XP level 4. HP: 27/44 MP: 3/3
   774 | D:2      | Reached XP level 5. HP: 31/50 MP: 4/4
   984 | D:2      | Found Zahaarphe's Antique Armour Emporium.
  1025 | D:2      | Found a glowing silver altar of Zin.
  1416 | D:2      | Found a faded altar of an unknown god.
  1691 | D:3      | Reached XP level 6. HP: 59/59 MP: 5/5
  1739 | D:3      | Noticed Ijyb
  1864 | D:3      | Killed Ijyb
  2086 | D:3      | Reached skill level 7 in Unarmed Combat
  2380 | D:3      | Found a runed translucent door.
  2381 | D:3      | Noticed Crazy Yiuf
  2387 | D:3      | Killed Crazy Yiuf
  2388 | D:3      | Reached skill level 1 in Throwing
  3200 | D:4      | Reached *** piety under Trog
  3239 | D:5      | Entered Level 5 of the Dungeon
  3372 | D:5      | Noticed an ice beast
  3414 | D:5      | Killed an ice beast
  3415 | D:5      | Reached XP level 7. HP: 66/66 MP: 6/6
  3557 | D:5      | Reached skill level 8 in Unarmed Combat
  3782 | D:5      | Reached XP level 8. HP: 71/74 MP: 7/7
  3795 | D:5      | Reached skill level 9 in Unarmed Combat
  4292 | D:6      | Found a blossoming altar of Fedhas.
  4373 | D:6      | Reached skill level 10 in Unarmed Combat
  4417 | D:6      | Reached skill level 5 in Throwing
  5031 | D:7      | Reached **** piety under Trog
  5035 | D:7      | Found a staircase to the Ecumenical Temple.
  5036 | D:7      | Reached XP level 9. HP: 78/80 MP: 8/8
  5354 | D:7      | Reached skill level 11 in Unarmed Combat
  5808 | D:7      | Reached skill level 1 in Evocations
  5820 | D:7      | HP: 2/80 [vampire mosquito (10)]
  6248 | D:8      | Noticed a two-headed ogre
  6274 | D:8      | Killed a two-headed ogre
  6511 | D:8      | Reached XP level 10. HP: 56/91 MP: 9/9
  6672 | D:8      | Noticed a two-headed ogre
  6693 | D:8      | Killed a two-headed ogre
  6694 | D:8      | Reached skill level 12 in Unarmed Combat
  7622 | D:9      | Found a staircase to the Lair.
  7644 | D:9      | Reached skill level 1 in Maces & Flails
  7873 | D:9      | Noticed a boulder beetle
  7885 | D:9      | Killed a boulder beetle
  7886 | D:9      | Reached skill level 5 in Maces & Flails
  7970 | D:9      | Noticed a two-headed ogre
  7985 | D:9      | Killed a two-headed ogre
  7995 | D:9      | Reached XP level 11. HP: 84/100 MP: 10/10
  9021 | Lair:1   | Entered Level 1 of the Lair of Beasts
  9036 | Lair:1   | Found an opulent altar of Gozag.
  9065 | D:10     | Entered Level 10 of the Dungeon
  9110 | D:10     | Reached ***** piety under Trog
  9157 | D:10     | Noticed a two-headed ogre
  9168 | D:10     | Killed a two-headed ogre
  9327 | D:10     | Noticed an obsidian statue
  9487 | D:10     | Found a runed translucent door.
  9488 | D:10     | Noticed zielscheibe's ghost (novice DDFi)
  9489 | D:10     | Noticed a brown ugly thing
 10084 | D:10     | Killed zielscheibe's ghost
 10085 | D:10     | Reached skill level 10 in Maces & Flails
 10092 | D:10     | Killed a brown ugly thing
 10140 | D:10     | Identified the +7 crystal plate armour of Ocwel {Regen+
                  | Int-5 Dex+4 Slay+2}
 10264 | D:11     | Noticed a two-headed ogre
 10279 | D:11     | Noticed a two-headed ogre
 10321 | D:11     | Killed a two-headed ogre
 10343 | D:11     | Killed a two-headed ogre
 10397 | D:11     | Reached skill level 1 in Armour
 10564 | D:11     | Reached XP level 12. HP: 105/109 MP: 11/11
 10724 | D:11     | Noticed a boulder beetle
 10749 | D:11     | Killed a boulder beetle
 11017 | D:11     | Reached skill level 5 in Fighting
 11350 | D:11     | Noticed a tengu warrior
 11367 | D:11     | Killed a tengu warrior
 11975 | D:12     | Reached skill level 5 in Dodging
 11976 | D:12     | Found a gate leading to a gauntlet.
 11998 | Gauntlet | Entered a Gauntlet
 11998 | Gauntlet | Found a transporter.
 11998 | Gauntlet | Found a transporter.
 11999 | Gauntlet | Found a transporter.
 11999 | Gauntlet | Found a transporter.
 12002 | Gauntlet | Found a transporter.
 12002 | Gauntlet | Found a transporter.
 12012 | Gauntlet | Found a transporter.
 12013 | Gauntlet | Found a transporter.
 12016 | Gauntlet | Found a transporter.
 12018 | Gauntlet | Found a transporter.
 12020 | Gauntlet | Noticed a green death
 12032 | Gauntlet | Found a transporter.
 12277 | Gauntlet | Received a gift from Trog
 12433 | Gauntlet | Identified the amulet of Locyd {Reflect rElec Regen+ SH+5}
 12467 | Gauntlet | Found a transporter.
 12503 | Gauntlet | Noticed a minotaur
 12510 | Gauntlet | Killed a minotaur
 12511 | Gauntlet | Reached XP level 13. HP: 116/122 MP: 12/12
 13039 | D:12     | Found a staircase to the Orcish Mines.
 13736 | Lair:1   | Reached skill level 13 in Unarmed Combat
 13883 | Lair:1   | Identified the +0 robe "Teylul" {*Slow +Inv rPois}
 14289 | Lair:1   | Identified the +1 leather armour of Cheibriados's Outrage
                  | {Will+ Dex+2}
 14374 | Lair:1   | Identified the ring of Wocol {Ice Int+4}
 15933 | Lair:3   | Found a staircase to the Snake Pit.
 16119 | Lair:3   | Identified the +1 robe of the Arcane {Will- Str+3 Slay+2}
 16188 | Lair:4   | Found a dark tunnel.
 16204 | Volcano  | Entered a volcano
 16284 | Volcano  | HP: 6/124 [salamander/+4 trident of venom (4)]
 16285 | Volcano  | Succumbed to a salamander's poison

Illustrated notes

Levels and vault maps discovered:
D:1:      zaba_arrival_water, layout_loops_ring, minmay_misc_feat_doors
D:2:      layout_basic, serial_shops, shop, basic_altar,
          hellmonk_ecumenical_altar_inner_sanctum, uniq_sigmund
D:3:      layout_basic, uniq_ijyb, uniq_crazy_yiuf_cottage
D:4:      layout_basic, serial_bayou_lagoon_a
D:5:      layout_basic, serial_undead, serial_undead_b, serial_undead_c,
          serial_undead_b, serial_undead_a, serial_undead_f, serial_undead_e
D:6:      layout_basic, mainiacjoe_overflow_24_doors
D:7:      layout_loops_corners, minmay_temple_entry_crystal_x,
          kennysheep_small_circle
D:8:      layout_gridville, minivault_4
D:9:      kennysheep_seaside_town, layout_small_grid, dpeg_oklobed_lair,
          hangedman_incinerator
D:10:     minmay_statue_hallways, layout_basic, ebering_ghost_inner_flame,
          minmay_misc_feat_rows, chequers_arboretum, minmay_misc_feat_plants
D:11:     minmay_chambers_of_sixes, layout_cave_pods, serial_park,
          serial_park_tiny_1, serial_park_tiny_2, serial_park_tiny_pond,
          serial_park_tiny_2, serial_park_paths [serial_park_minivault_5x5_8]
D:12:     layout_cave_pods, orc_0_dummy, gauntlet_entry_generic
Lair:1:   kb_forest_paths, layout_hall_layers, basic_altar
Lair:2:   layout_long_grid, fungi_pond_lemuel, columned_hall_lemuel,
          roderic_batcave, infiniplex_staircase_pool_2
Lair:3:   layout_chaotic_city, dummy_snake_entry
Lair:4:   layout_layer_cave, minmay_swamp_entry_eels, enter_volcano_3,
          nicolae_lair_lindhole, grunt_megastairs_4, lemuel_fruit_fields,
          uniq_josephine
Volcano:  volcano_village

Skill      XL: |  1  2  3  4  5  6  7  8  9 10 11 12 13 |
---------------+----------------------------------------+-----
Unarmed Combat | 4 6 7 8 10 11 12 13 | 13.2
Throwing       | 2 3 5 6 7 |  7.9
Evocations     | 2 4 |  4.6
Fighting       | 3 4 6 7 |  7.3
Dodging        | 3 4 5 |  5.8
Maces & Flails | 6 10 11 | 11.4
Armour         | 1 3 4 |  4.0

Action                   |  1- 3 |  4- 6 |  7- 9 | 10-12 | 13-15 || total
-------------------------+-------+-------+-------+-------+-------++-------
Melee: Unarmed           |    74 |   133 |   236 |   557 |   231 ||  1231
       Punch             |     2 |       |    16 |    37 |    11 ||    66
Throw: Dart              |       |     6 |     6 |     9 |       ||    21
       Stone             |       |       |     8 |       |       ||     8
       Boomerang         |       |       |       |    27 |    19 ||    46
Invok: Berserk           |     1 |     1 |       |     3 |       ||     5
       Trog's Hand       |       |     2 |     1 |     9 |     2 ||    14
       Brothers in Arms  |       |       |       |     1 |       ||     1
  Use: Potion            |     1 |     1 |       |     1 |       ||     3
       Scroll            |       |     2 |     5 |    11 |     3 ||    21
 Stab: Sleeping          |       |     1 |     1 |       |       ||     2
Armor: Animal skin       |    26 |    23 |    45 |    44 |       ||   138
       Acid dragon scale |       |       |       |    69 |    49 ||   118
       Troll leather arm |       |       |       |       |     5 ||     5
Dodge: Dodged            |    61 |    35 |    99 |   215 |    91 ||   501
Block: Other             |       |       |       |    61 |    40 ||   101
       Reflection        |       |       |       |     5 |       ||     5
